 Dungeon Crawl Stone Soup version 0.20.0-15-g7f486f2 (webtiles) character file.

102 asdbbb the Ruffian (level 4, 0/41 HPs)
             Began as a Ghoul Chaos Knight on June 21, 2017.
             Slain by an orc
             ... wielding a +0 trident
              (3 damage)
             ... on level 3 of the Dungeon.
             The game lasted 00:09:32 (1939 turns).

asdbbb the Ruffian (Ghoul Chaos Knight)             Turns: 1939, Time: 00:09:32

Health: 0/41       AC:  5    Str: 13    XL:     4   Next: 77%
Magic:  3/3        EV:  6    Int:  7    God:    Xom [*.....]
Gold:   109        SH: 10    Dex:  8    Spells: 3/3 levels left

rFire    . . .     SeeInvis .     - Unarmed
rCold    + . .     Gourm    .   e - +0 large shield
rNeg     + + +     Faith    .   a - +2 leather armour
rPois    ∞         Spirit   .   (no helmet)
rElec    .         Reflect  .   (no cloak)
rCorr    .         Harm     .   (no gloves)
MR       .....                  (no boots)
Stlth    +.........             (no amulet)
Regen    0.0/turn               d - ring of flight
MPRegen  0.1/turn               p - -3 ring of strength (curse)

@: rotting
A: rotting body, claws 1, carnivore 3, cold resistance 1, negative energy
resistance 3, inhibited regeneration, torment resistance, unbreathing
a: Renounce Religion, Evoke Flight


You were on level 3 of the Dungeon.
You worshipped Xom.
You were a special plaything of Xom.
You were not hungry.

You visited 1 branch of the dungeon, and saw 3 of its levels.

You collected 109 gold pieces.

Inventory:

Missiles
 g - 40 arrows
 j - 54 stones (quivered)
Armour
 a - a +2 leather armour (worn)
 e - a +0 large shield (worn)
Jewellery
 d - a ring of flight (left claw)
 p - a cursed -3 ring of strength (right claw)
Scrolls
 f - 3 scrolls of identify
 h - a scroll of random uselessness {unknown}
Potions
 i - a potion of curing
 l - a potion of might {unknown}
 m - a potion of haste {unknown}
Comestibles
 b - 4 meat rations
 c - 4 chunks of flesh


   Skills:
 * Level 4.3 Fighting
 + Level 2.0 Armour
 + Level 1.2 Dodging
 * Level 4.7 Unarmed Combat


You had 3 spell levels left.
You didn't know any spells.

Dungeon Overview and Level Annotations

Branches:
Dungeon (3/15)

Altars:


Innate Abilities, Weirdness & Mutations

Your body is rotting away.
You thrive on raw meat.
You are immune to poison.
You have sharp fingernails.
You are carnivorous and can eat meat at any time.
Your flesh is cold resistant. (rC+)
You are immune to negative energy. (rN+++)
You do not regenerate when monsters are visible.
You are immune to unholy pain and torment.
You can survive without breathing.


Message History

The orc shouts!
A giant cockroach comes into view.
Items here: % ( ))) ? ÷ You scratch the kobold.
The kobold is severely wounded.
You block the kobold's attack.
You scratch the kobold.
You kill the kobold!
You block the orc's attack. The orc hits you but does no damage.
The orc hits you from afar with a trident.
The orc hits you from afar with a trident.
The orc hits you from afar with a trident.
* * * LOW HITPOINT WARNING * * *
You see here 2 stones.
You barely miss the orc. The orc hits you with a trident!
* * * LOW HITPOINT WARNING * * *
You closely miss the orc. The orc hits you with a trident.
You die...
Xom yawns loudly!

..######............
..# ####).#.###.# .
..# #............ ..
. #.###.#..##.# ..#
#.###....##.###..#
#....##..(#.....#
#....##......######
#....##............
#....##.##@......##
#....##..##o[......
#....###..)(.....##
#........#.....!.#
...............###
...........#
.............
..............
..............#


You could see an orc.

Vanquished Creatures
  4 adders (D:2)
  2 worms
  4 dart slugs
  2 leopard geckos (D:3)
  4 orcs (D:3)
  2 giant cockroaches (D:2)
  5 goblins
  8 hobgoblins
  5 bats (D:2)
  4 frilled lizards
  6 kobolds
  2 rats
48 creatures vanquished.

Notes
Turn   | Place    | Note
-------+----------+-------------------------------------------
     0 | D:1      | asdbbb the Ghoul Chaos Knight began the quest for the Orb.
     0 | D:1      | Reached XP level 1. HP: 19/19 MP: 0/0
    53 | D:1      | XOM: divination: detect items
    78 | D:1      | XOM: divination: detect items
   150 | D:1      | Reached XP level 2. HP: 25/26 MP: 1/1
   623 | D:1      | XOM: harmless Chrm miscast
   832 | D:2      | Reached XP level 3. HP: 31/33 MP: 2/2
   849 | D:2      | Reached skill level 1 in Dodging
  1006 | D:2      | XOM: cloud trail
  1495 | D:2      | Reached XP level 4. HP: 34/40 MP: 3/3
  1612 | D:2      | XOM: summons 1 hostile shadow creature
  1878 | D:3      | XOM: harmless Erth miscast
  1939 | D:3      | Slain by an orc

Skill      XL: |  1  2  3 |
---------------+----------+-----
Unarmed Combat | 4 |  4.7
Dodging        | 1 |  1.2
Fighting       | 4 |  4.3
Armour         | 2 |  2.0

Action                   |  1- 3 |  4- 6 || total
-------------------------+-------+-------++-------
Melee: Unarmed           |   116 |    38 ||   154
       Punch             |     1 |     1 ||     2
  Use: Scroll            |     6 |       ||     6
  Eat: Chunk             |     6 |       ||     6
Armor: Leather armour    |    64 |     9 ||    73
Dodge: Dodged            |   126 |    17 ||   143
Block: Large shield      |       |     7 ||     7
